[Event "Team 45 45 League T53"]
[Site "Internet Chess Club"]
[Date "2012.06.18"]
[Round "5"]
[White "Dracoac"]
[Black "rahulr"]
[Result "1-0"]
[WhiteElo "1795"]
[BlackElo "1572"]
[Opening "Queen's Indian: old main line, 7.Nc3"]
[ECO "E18"]
[Time "21:03:31"]
[TimeControl "2700+45"]

1. Nf3 Nf6 2. c4 e6 3. Nc3 b6 4. g3 Bb7 5. Bg2 Be7 6. O-O O-O 7. d4 d5 8. Ne5
Nbd7 9. Nxd7 Qxd7 10. Bf4 Rfd8 11. Qc2 Rac8 12. Rfd1 c5 13. cxd5 exd5 14. dxc5
Bxc5 15. Qd3 d4 16. Ne4 Nd5 17. Nxc5 Rxc5 18. Qxd4 Qe7 19. e4 Qd7 20. exd5 Bxd5
21. Qe3 {Black resigns} 1-0

[Event "Team 45 45 League T53"]
[Site "Internet Chess Club"]
[Date "2012.06.14"]
[Round "5"]
[White "SwagOverload"]
[Black "Pason"]
[Result "0-1"]
[WhiteElo "2048"]
[BlackElo "2031"]
[Opening "Queen's Indian: old main line, 9.Qxc3"]
[ECO "E19"]
[Time "13:01:26"]
[TimeControl "2700+45"]

1. d4 e6 2. Nf3 Nf6 3. g3 b6 4. Bg2 Bb7 5. O-O Be7 6. c4 O-O 7. Nc3 Ne4 8. Qc2
Nxc3 9. Qxc3 f5 10. b3 Bf6 11. Bb2 d6 12. Nd2 Bxg2 13. Kxg2 e5 14. Qf3 Nd7 15.
Qxf5 Qe8 16. e3 Rd8 17. Rad1 Kh8 18. Qc2 Qh5 19. Ne4 exd4 20. exd4 Be7 21. f3 d5
22. cxd5 Qxd5 23. Nc3 Qh5 24. Qe4 Rfe8 25. Qb7 Bb4 26. Rde1 Rxe1 27. Rxe1 Rf8
28. Re3 Nf6 29. Re5 Qh6 30. Ne4 Qe3 31. Nxf6 Qd2+ 32. Kh3 gxf6 33. Rh5 Qxb2 34.
Qxc7 Qb1 35. f4 Qg6 36. Kh4 Rg8 37. Qd7 Be7 38. Qh3 f5+ {White resigns} 0-1

[Event "Team 45 45 League T53"]
[Site "Internet Chess Club"]
[Date "2012.06.15"]
[Round "5"]
[White "koni"]
[Black "cheVelle"]
[Result "1/2-1/2"]
[WhiteElo "1893"]
[BlackElo "1973"]
[Opening "Réti opening"]
[ECO "A05"]
[Time "14:00:35"]
[TimeControl "2700+45"]

1. Nf3 Nf6 2. g3 c5 3. Bg2 Nc6 4. O-O d5 5. d3 e5 6. Nbd2 Be7 7. e4 O-O 8. c3
Re8 9. exd5 Nxd5 10. Re1 Bf8 11. Nc4 f6 12. Qb3 Kh8 13. a4 Nde7 14. Be3 Nf5 15.
Rad1 Nxe3 16. Nxe3 Rb8 17. Qc2 Be6 18. Nd2 Qc7 19. Ndc4 Rbd8 20. Qe2 a6 21. h4
Rd7 22. Kh2 Red8 23. Bh3 Bxh3 24. Kxh3 b5 25. axb5 axb5 26. Na3 Qa5 27. Qc2 Qa6
28. Kh2 g6 29. Ng4 Bg7 30. Ne3 f5 31. Kg1 Qb7 32. Qe2 b4 33. Nac4 bxc3 34. bxc3
Qb3 35. Qb2 Qxb2 36. Nxb2 e4 37. dxe4 Bxc3 38. Rxd7 Rxd7 39. Rd1 Nd4 40. Na4 Bb4
41. exf5 gxf5 42. Nb6 Nf3+ 43. Kg2 Rxd1 44. Nxd1 Nd2 45. Ne3 Ba5 46. Nbc4 Nxc4
47. Nxc4 Bc7 48. Ne3 f4 49. Nd5 c4 50. Kf3 fxg3 51. fxg3 Be5 52. g4 c3 53. Ke2
Kg7 54. Kd3 Bg3 55. Kxc3 Bxh4 {Game drawn by mutual agreement} 1/2-1/2

[Event "Team 45 45 League T53"]
[Site "Internet Chess Club"]
[Date "2012.06.17"]
[Round "5"]
[White "barbak"]
[Black "poni"]
[Result "1/2-1/2"]
[WhiteElo "1932"]
[BlackElo "1872"]
[Opening "Philidor: Improved Hanham variation"]
[ECO "B07"]
[Time "12:04:52"]
[TimeControl "2700+45"]

1. e4 d6 2. d4 Nf6 3. Nc3 e5 4. Nf3 Nbd7 5. Bc4 Be7 6. O-O O-O 7. Re1 c6 8. a4
Qc7 9. Ba2 b6 10. Nh4 exd4 11. Qxd4 Nc5 12. Nf5 Bxf5 13. exf5 d5 14. b4 Nce4 15.
Nxe4 Nxe4 16. Rb1 Bf6 17. Qd3 Nc3 18. Rb2 Rae8 19. Bd2 Rxe1+ 20. Bxe1 Nxa4 21.
Rb1 Re8 22. Bd2 b5 23. h3 Re4 24. Bb3 Nb6 25. Bc3 Qe7 26. Ra1 Bxc3 27. Qxc3 Nc4
28. g3 h6 29. Kg2 Re2 30. Bxc4 bxc4 31. Ra6 Qe4+ 32. Qf3 Qxc2 33. Rxc6 Qd3 34.
Qxd3 cxd3 35. Rc8+ Kh7 36. Rc3 Rd2 37. Kf3 Rb2 38. Rxd3 Rxb4 39. Rxd5 Ra4 40.
Rd7 f6 41. h4 h5 42. Rb7 a5 43. Ra7 Kh6 44. Ra6 Kh7 45. Ra7 Kh6 46. Ra6 Ra1 47.
Kg2 a4 48. Kf3 a3 49. Kg2 Kh7 50. Ra7 a2 51. Kh2 Kg8 52. Kg2 Kf8 53. Kf3 Ke8 54.
Kg2 Kd8 55. Kf3 Kc8 56. Kg2 Kb8 57. Ra3 Kb7 58. Ra4 Kb6 59. Ra3 Kb5 60. Ra8 Kb4
61. Rb8+ Kc3 62. Rc8+ Kd4 63. Ra8 Ke4 64. Ra5 Kd4 65. Ra4+ Kd5 66. Ra8 {Game
drawn by mutual agreement} 1/2-1/2

[Event "Team 45 45 League T53"]
[Site "Internet Chess Club"]
[Date "2012.06.19"]
[Round "5"]
[White "expectnomercy"]
[Black "CapitanTrueno"]
[Result "1/2-1/2"]
[WhiteElo "1768"]
[BlackElo "1824"]
[Opening "English, 1...Nf6 (Anglo-Indian defense)"]
[ECO "A15"]
[Time "11:00:09"]
[TimeControl "2700+45"]

1. c4 Nf6 2. g3 g6 3. Bg2 Bg7 4. Nc3 d6 5. d4 O-O 6. e4 Nc6 7. Nge2 e5 8. d5 Ne7
9. O-O Nh5 10. b4 a5 11. Rb1 axb4 12. Rxb4 f5 13. f3 f4 14. g4 Nf6 15. h3 Nd7
16. Ra4 Rxa4 17. Qxa4 Nc5 18. Qd1 b6 19. Nb5 Ba6 20. Nec3 Qb8 21. Ba3 Nc8 22.
Bxc5 dxc5 23. Qa4 Bxb5 24. Nxb5 Nd6 25. Nxd6 cxd6 26. Rb1 Bf6 27. Qc6 Bd8 28. a4
Qc7 29. Qb5 g5 {Game drawn by mutual agreement} 1/2-1/2

[Event "Team 45 45 League T53"]
[Site "Internet Chess Club"]
[Date "2012.06.13"]
[Round "5"]
[White "lasker25"]
[Black "basmaniac"]
[Result "1/2-1/2"]
[WhiteElo "1927"]
[BlackElo "1834"]
[Opening "French: Two knights variation"]
[ECO "C00"]
[Time "16:00:37"]
[TimeControl "2700+45"]

1. e4 e6 2. Nc3 d5 3. Nf3 Nf6 4. e5 Nfd7 5. d4 c5 6. dxc5 Nc6 7. Bf4 Bxc5 8. Bd3
f6 9. exf6 Nxf6 10. Qe2 O-O 11. O-O-O a6 12. Ne5 Nd4 13. Qd2 b5 14. Be3 Qb6 15.
h4 Nc6 16. Bxc5 Qxc5 17. Nxc6 Qxc6 18. f4 b4 19. Ne2 a5 20. Nd4 Qb6 21. Qe2 Kh8
22. Qe5 Ng4 23. Qh5 Nf6 24. Qe5 Ng4 {Game drawn by mutual agreement} 1/2-1/2

[Event "Team 45 45 League T53"]
[Site "Internet Chess Club"]
[Date "2012.06.15"]
[Round "5"]
[White "Portola"]
[Black "CheeryCherry"]
[Result "0-1"]
[WhiteElo "1718"]
[BlackElo "1597"]
[Opening "Queen's pawn game"]
[ECO "A46"]
[Time "15:48:03"]
[TimeControl "2700+45"]

1. d4 Nf6 2. Nf3 e6 3. Bf4 b6 4. e3 Bb7 5. Bd3 Be7 6. Nbd2 c5 7. c3 Nc6 8. Qe2
Nh5 9. Bg3 Nxg3 10. hxg3 h6 11. O-O d5 12. Bb5 O-O 13. Bxc6 Bxc6 14. Ne5 Be8 15.
Qg4 Bd6 16. f4 f5 17. Qh3 cxd4 18. exd4 Bxe5 19. fxe5 Bb5 20. Rf2 Qg5 21. Rf4
Be2 22. Nf3 Qe7 23. Rh4 b5 24. Re1 Bxf3 25. gxf3 b4 26. g4 bxc3 27. bxc3 Rac8
28. gxf5 Rxf5 29. Rg4 Rxc3 30. Qxh6 Rfxf3 31. Qh2 Qa3 32. Re2 Qc1+ {White
resigns} 0-1

[Event "Team 45 45 League T53"]
[Site "Internet Chess Club"]
[Date "2012.06.16"]
[Round "5"]
[White "Muravey"]
[Black "rahulr"]
[Result "1-0"]
[WhiteElo "2201"]
[BlackElo "1579"]
[Opening "Alekhine's defense: four pawns attack, Trifunovic variation"]
[ECO "B02"]
[Time "13:01:04"]
[TimeControl "2700+45"]

1. e4 Nf6 2. e5 Nd5 3. c4 Nb6 4. d4 d6 5. f4 Bf5 6. Nf3 dxe5 7. fxe5 e6 8. a3 c5
9. Be3 Nc6 10. Nc3 cxd4 11. Bxd4 Nxd4 12. Nxd4 Rc8 13. b3 Bg6 14. Nf3 Qxd1+ 15.
Kxd1 Be7 16. Kc1 O-O 17. Kb2 Rfd8 18. Be2 Bc5 19. Rad1 Kf8 20. Rhf1 Nd7 21. b4
Bb6 22. Nb5 a6 23. Nd6 Rc7 24. c5 Ba7 25. Ng5 Nxe5 26. Nxe6+ {Black resigns} 1-0

[Event "Team 45 45 League T53"]
[Site "Internet Chess Club"]
[Date "2012.06.14"]
[Round "5"]
[White "seikster"]
[Black "Killian"]
[Result "1-0"]
[WhiteElo "1924"]
[BlackElo "2004"]
[Opening "Sicilian: Pelikan, Chelyabinsk variation"]
[ECO "B33"]
[Time "13:02:53"]
[TimeControl "2700+45"]

1. e4 c5 2. Nf3 Nc6 3. d4 cxd4 4. Nxd4 Nf6 5. Nc3 e5 6. Ndb5 d6 7. Bg5 a6 8. Na3
b5 9. Nd5 Be7 10. Bxf6 Bxf6 11. c3 O-O 12. Nc2 Bg5 13. a4 bxa4 14. Rxa4 a5 15.
b4 Bd7 16. b5 Ne7 17. h4 Bh6 18. Nce3 Bxe3 19. Nxe3 Qc7 20. c4 f5 21. exf5 Bxf5
22. Nxf5 Nxf5 23. Qd5+ Kh8 24. Bd3 Nd4 25. h5 Qb6 26. Ra2 Qc5 27. Qxc5 dxc5 28.
Be4 Ra7 29. h6 g6 30. b6 Ra6 31. b7 a4 32. Rh3 Rb8 33. Rha3 Rd6 34. Rxa4 Kg8 35.
Bd5+ Kf8 36. Ra8 Rdd8 37. Rxb8 Rxb8 38. Ra8 {Black resigns} 1-0

[Event "Team 45 45 League T53"]
[Site "Internet Chess Club"]
[Date "2012.06.18"]
[Round "5"]
[White "ramirozp"]
[Black "fishhead"]
[Result "1/2-1/2"]
[WhiteElo "1801"]
[BlackElo "2024"]
[Opening "English, 1...Nf6 (Anglo-Indian defense)"]
[ECO "A15"]
[Time "11:34:34"]
[TimeControl "2700+45"]

1. c4 Nf6 2. g3 g6 3. Bg2 Bg7 4. Nf3 d6 5. O-O Nbd7 6. Nc3 c6 7. d3 e5 8. Rb1
O-O 9. b4 Qc7 10. b5 c5 11. Nd2 Re8 12. a4 Nf8 13. a5 Ne6 14. a6 Rb8 15. b6 axb6
16. a7 Ra8 17. Ra1 Nd4 18. e3 Nc6 19. Nb5 Qe7 20. Ne4 Rd8 21. Nec3 {Game drawn
by mutual agreement} 1/2-1/2

[Event "Team 45 45 League T53"]
[Site "Internet Chess Club"]
[Date "2012.06.16"]
[Round "5"]
[White "creditordebit"]
[Black "prideofandhra"]
[Result "1-0"]
[WhiteElo "1989"]
[BlackElo "1619"]
[Opening "French: Winawer, advance variation"]
[ECO "C18"]
[Time "19:01:50"]
[TimeControl "2700+45"]

1. e4 e6 2. d4 d5 3. Nc3 Bb4 4. e5 c5 5. a3 Bxc3+ 6. bxc3 Nc6 7. Qg4 Qa5 8. Bd2
Kf8 9. Nf3 h5 10. Qf4 Bd7 11. Be2 Nge7 12. O-O Ng6 13. Qe3 c4 14. Ng5 Ke7 15. f4
h4 16. Bg4 f5 17. exf6+ gxf6 18. Nxe6 Kf7 19. f5 Nge7 20. Qf3 Nxf5 21. Bxf5 Bxe6
22. Bxe6+ Kxe6 23. Qxf6+ Kd7 24. Rab1 Raf8 25. Rxb7+ Kc8 {Black resigns} 1-0

[Event "Team 45 45 League T53"]
[Site "Internet Chess Club"]
[Date "2012.06.19"]
[Round "5"]
[White "mellizas2003"]
[Black "KyleMayhugh"]
[Result "1-0"]
[WhiteElo "1695"]
[BlackElo "1574"]
[Opening "Two knights defense (Modern bishop's opening)"]
[ECO "C55"]
[Time "09:00:04"]
[TimeControl "2700+45"]

1. e4 e5 2. Nf3 Nc6 3. Bc4 Nf6 4. d3 Be7 5. c3 O-O 6. O-O d5 7. exd5 Nxd5 8. d4
Nb6 9. Bd3 Bg4 10. Be2 e4 11. Ne1 Bf5 12. Nc2 Bd6 13. c4 Nd7 14. Nc3 Nf6 15. c5
Be7 16. Bf4 Nd5 17. Nxd5 Qxd5 18. Ne3 Qd7 19. d5 Nb4 20. a3 Nd3 21. Bxd3 exd3
22. b4 Be4 23. f3 Bg6 24. Qd2 Bf6 25. Rac1 Rac8 26. d6 cxd6 27. cxd6 Bd4 28.
Rfe1 Rfe8 29. Kf1 Bxe3 30. Rxe3 Rxc1+ 31. Qxc1 Rc8 32. Qe1 f6 33. Re7 Qb5 34.
Qe6+ Kf8 35. Qxc8+ {Black resigns} 1-0